 Dungeon Crawl Stone Soup version 0.28-a0-465-ge2dae52223 (webtiles) character file.

Game seed: 3823832302918169241

13468 lunkers the Fighter (level 12, -3/98 HPs)
             Began as a Djinni Earth Elementalist on Sept 13, 2021.
             Was a Priest of Ashenzari.
             Slain by a blink frog (10 damage)
             ... on level 11 of the Dungeon on Sept 14, 2021.
             The game lasted 00:23:51 (14208 turns).

lunkers the Fighter (Djinni Earth Elementalist)    Turns: 14208, Time: 00:23:52

Health: -3/98      AC:  5    Str:  7    XL:     12   Next: 33%
Gold:   516        EV: 13    Int: 32    God:    Ashenzari [***...] SH: 12 Dex: 15

rFire   + + .      SeeInvis +   z - +8 whip "Chained Burden" {pain, Fragile Int+5 Stlth+, Fort, Self} (curse)
rCold   x . .      Faith    .   D - +0 kite shield of the Cursed Sage {Evo, Fort} (curse)
rNeg    . . .      Spirit   .   A - +2 robe of Cremastomancy {Self, Melee} (curse)
rPois   ∞          Reflect  +   (no helmet)
rElec   .          Harm     .   t - +0 cloak "Augurer of Ashenzari" {Melee, Fort} (curse)
rCorr   .          Rampage  .   (no gloves)
Will    ++...      Clarity  +   (boots unavailable)
Stlth   +++.......              n - amulet of reflection
HPRegen 0.26/turn               l - +6 ring of intelligence
MPRegen 0.00/turn               o - ring of willpower

@: flying
A: sickness immunity, fire resistance 2, cold vulnerability 1, float, innate
caster, hp casting, extra vitality 1
a: Renounce Religion, Curse Item, Shatter the Chains


You were on level 11 of the Dungeon.
You worshipped Ashenzari.
Ashenzari was most pleased with you.
You visited 3 branches of the dungeon, and saw 13 of its levels.

You collected 612 gold pieces.
You spent 96 gold pieces at shops.

Inventory:

Hand Weapons
 z - the cursed +8 whip "Chained Burden" (weapon) {pain, Fragile Int+5 Stlth+, Fort, Self}
   (You found it on level 6 of the Dungeon)

   In the hands of one skilled in necromantic magic, it inflicts extra damage on
   living creatures.
   Int:       It affects your intelligence (+5).
   Fragile:   It will be destroyed if unequipped.
   Stlth:     It makes you more stealthy.
   It has a curse which improves the following skills: Fortitude: Armour and
   Shields.
   Introspection: Fighting and Spellcasting.
Missiles
 c - 192 stones
 G - a throwing net
Armour
 t - the cursed +0 cloak "Augurer of Ashenzari" (worn) {Melee, Fort}
   (You found it on level 6 of the Dungeon)

   It has a curse which improves the following skills: Melee Combat: Short
   Blades, Long Blades, Axes, Maces & Flails, Polearms, Staves and Unarmed
   Combat.
   Fortitude: Armour and Shields.
 A - the cursed +2 robe of Cremastomancy (worn) {Self, Melee}
   (You bought it in a shop on level 6 of the Dungeon)

   It has a curse which improves the following skills: Introspection: Fighting
   and Spellcasting.
   Melee Combat: Short Blades, Long Blades, Axes, Maces & Flails, Polearms,
   Staves and Unarmed Combat.
 C - a +0 troll leather armour
 D - the cursed +0 kite shield of the Cursed Sage (worn) {Evo, Fort}
   (You found it on level 10 of the Dungeon)

   It has a curse which improves the following skills: Evocations: Evocations.
   Fortitude: Armour and Shields.
Jewellery
 b - a +4 ring of evasion
 i - a +6 ring of dexterity
 l - a +6 ring of intelligence (left hand)
 n - an amulet of reflection (around neck)
 o - a ring of willpower (right hand)
 p - a +6 ring of strength
 v - an amulet of the acrobat
 x - a +4 ring of evasion
 y - a +4 ring of evasion
Wands
 g - a wand of acid (3)
 B - a wand of iceblast (3)
Scrolls
 f - a scroll of blinking
 m - a scroll of enchant armour
 q - 5 scrolls of teleportation
 r - a scroll of fog
 s - a scroll of enchant weapon
 u - 5 scrolls of magic mapping
Potions
 a - a potion of resistance
 d - 8 potions of curing
 h - 15 potions of ambrosia
 j - 3 potions of heal wounds
 k - 3 potions of lignification
 w - a potion of brilliance
 E - a potion of might
 F - a potion of haste


   Skills:
 + Level 10.9(13.5) Fighting
 + Level 8.8 Dodging
 - Level 1.5 Stealth
 + Level 10.7(13.4) Spellcasting


You had 13 spell levels left.
You knew the following spells:

 Your Spells              Type           Power      Damage    Failure   Level
a - Stone Arrow           Conj/Erth      100%       3d13      1%          3
b - Passwall              Tmut/Erth      68%        N/A       1%          2
c - Sandblast             Erth           100%       2d20      1%          1
d - Petrify               Tmut/Erth      82%        N/A       1%          4
e - Apportation           Tloc           100%       N/A       1%          1
f - Searing Ray           Conj           100%       2d8       1%          2
g - Summon Guardian Gole  Hex/Summ       82%        N/A       1%          3
h - Animate Armour        Summ/Erth      100%       N/A       1%          4
i - Flame Wave            Conj/Fire      82%        3d14      1%          4
Your spell library was empty.

Dungeon Overview and Level Annotations

Branches:
Dungeon (11/15)            Temple (1/1) D:5            Lair (1/6) D:11
    Orc (0/2) D:9

Altars:
Ashenzari
Cheibriados
Dithmenos
Elyvilon
Fedhas
Gozag
Hepliaklqana
Kikubaaqudgha
Makhleb
Nemelex Xobeh
Okawaru
Qazlal
Ru
Sif Muna
Trog
Uskayaw
Vehumet
Wu Jian
Xom
Yredelemnul
Zin
The Shining One

Shops:
D:6 *   D:8 ?


Innate Abilities, Weirdness & Mutations

You are immune to sickness and miasma.
You are immune to poison.
Your flesh is very heat resistant. (rF++)
You are vulnerable to cold. (rC-)
You float through the air rather than walking.
You learn spells naturally, not from books.
Your magical power is your life essence.
You have superior vitality. (+4 HP)


Message History

Unknown command.
Casting: Stone Arrow (safe; 1% risk of failure)
Confirm with . or Enter, or press ? or * to list all spells.
Aiming: Stone Arrow (safe; 1% risk of failure)
Press: ? - help, Shift-Dir - straight line, f - cane toad
Aim: a cane toad (81% to hit)
The stone arrow hits the cane toad!!
The cane toad is heavily wounded.
* * * LOW HITPOINT WARNING * * *
The blink frog hits you but does no damage.
The blink frog hits the plant!
The plant begins to die.
The blink frog blinks!
The cane toad stings you!
* * * LOW HITPOINT WARNING * * *
The blink frog hits the plant!
The plant begins to die.
The blink frog closely misses you.
Unknown command.
Casting: Stone Arrow (safe; 1% risk of failure)
Confirm with . or Enter, or press ? or * to list all spells.
Aiming: Stone Arrow (safe; 1% risk of failure)
Press: ? - help, Shift-Dir - straight line, f/p - cane toad
Aim: a cane toad (heavily wounded, 81% to hit)
Okay, then.
As you read the scroll of fear, it crumbles to dust.
You assume a fearsome visage.
The plant is unaffected. x3
The blink frog looks frightened!
The plant is unaffected. x5
The blink frog looks frightened!
The plant is unaffected. x2
The cane toad looks frightened!
The blink frog easily resists.
The blink frog blinks! x2
Unknown command.
The blink frog blinks! x3
Your surroundings suddenly seem different.
The blink frog blinks!
The blink frog blinks!
The blink frog blinks! x2; The blink frog hits you!
* * * LOW HITPOINT WARNING * * *
Aiming: Corrosive Bolt
Press: ? - help, Shift-Dir - straight line, f - blink frog
Aim: a blink frog (50% to hit)
The bolt of acid misses the blink frog.
The blink frog hits you!
You die...

#.# #.....#..PP.P...#
#.##.>... #.#
##.#####≈..P>P..F#
#.######.
#.####...####..PP†PP..# #.#
#. #......#....#.##...##.#
#.# #.
.....#...####..#...#.§###.#
#.
.....##.####.#...≈..§#.##.#
#. .....##.#
#.....###.....#.# #.
.....##.#
#.....F......##.######.
.....##.#
#..#..@..###.##........
)....##.###..###.###
#.#########.
.....##..........# #.#
##.#. ###########..###.#
#.# #...^ #.## #..# #.# #.#
##.#. .#.########..###.#
#.#######.#.
#..>....<........#
#...........
...########.<#####
########.... ....^........#
#..##


You could see a blink frog.

Vanquished Creatures
  Harold (D:11)
  Erica (D:9)
  2 two-headed ogres
  A tengu warrior (D:10)
  A cyclops (D:11)
  A komodo dragon (D:8)
  3 kobold demonologists (D:11)
  An unseen horror (D:9)
  A tengu conjurer (D:10)
  3 trolls
  A queen bee (D:11)
  A hornet (D:11)
  A meliai zombie (D:7)
  A shadow (D:11)
  4 water moccasins
  6 orc warriors
  An ice beast (D:6)
  3 sky beasts (D:6)
  3 ogres
  3 black bears
  A necrophage (D:7)
  A phantom (D:4)
  A kobold brigand (D:8)
  A centaur (D:8)
  5 bullfrogs
  A wyvern zombie (D:5)
  2 water moccasin zombies (D:5)
  3 scorpions
  29 killer bees
  4 wights (D:7)
  6 howler monkeys
  2 electric eels (D:9)
  5 centaur zombies
  2 hounds
  3 jellies
  3 orc priests (D:9)
  Jessica (D:3)
  A centaur skeleton (D:5)
  3 iguanas
  9 orc wizards
  Natasha (thrice) (D:3)
  2 howler monkey skeletons
  5 adders
  A shadow imp (D:8)
  3 white imps
  A dart slug (D:4)
  35 orcs
  7 bats
  6 endoplasms
  3 giant cockroaches
  7 goblins
  4 hobgoblins (D:1)
  3 quokkas
  12 ball pythons
  7 frilled lizards
  11 kobolds
  3 rats
235 creatures vanquished.

Vanquished Creatures (others)
  6 plants
6 creatures vanquished.

Grand Total: 241 creatures vanquished

Notes
Turn   | Place    | Note
-------+----------+-------------------------------------------
     0 | D:1      | lunkers the Djinni Earth Elementalist began the quest for
                  | the Orb.
     0 | D:1      | Reached XP level 1. HP: 15/15 MP: 0/0
   270 | D:1      | Reached XP level 2. HP: 19/22 MP: 0/0
   558 | D:1      | Reached skill level 1 in Fighting
   789 | D:1      | Reached XP level 3. HP: 25/27 MP: 0/0
   789 | D:1      | Learned a level 1 spell: Apportation
  1248 | D:2      | Found an iron altar of Okawaru.
  1569 | D:2      | Reached XP level 4. HP: 6/32 MP: 0/0
  2088 | D:3      | Found a faded altar of an unknown god.
  2230 | D:3      | Noticed Natasha
  2237 | D:3      | Killed Natasha
  2357 | D:3      | Noticed Natasha
  2361 | D:3      | Killed Natasha
  2362 | D:3      | Reached XP level 5. HP: 25/38 MP: 0/0
  2362 | D:3      | Learned a level 2 spell: Searing Ray
  2390 | D:3      | Noticed Natasha
  2393 | D:3      | Killed Natasha
  2652 | D:3      | Noticed Jessica
  2653 | D:3      | Killed Jessica
  2872 | D:3      | Reached XP level 6. HP: 24/45 MP: 0/0
  3825 | D:4      | Reached XP level 7. HP: 35/50 MP: 0/0
  3825 | D:4      | Learned a level 3 spell: Summon Guardian Golem
  4190 | D:5      | Entered Level 5 of the Dungeon
  4191 | D:5      | Upgraded the game from 0.28-a0-461-g2dc4ca5097 to
                  | 0.28-a0-465-ge2dae52223
  4219 | D:5      | Noticed a water moccasin
  4222 | D:5      | Killed a water moccasin
  4223 | D:5      | Reached skill level 5 in Spellcasting
  4432 | D:5      | Reached XP level 8. HP: 46/58 MP: 0/0
  4587 | D:5      | You are sucked into a shaft and drop 3 floors!
  4665 | D:7      | Reached skill level 5 in Fighting
  5006 | D:6      | Reached XP level 9. HP: 57/66 MP: 0/0
  5006 | D:6      | Learned a level 4 spell: Animate Armour
  5532 | D:5      | Found a staircase to the Ecumenical Temple.
  5561 | Temple   | Entered the Ecumenical Temple
  5864 | Temple   | Became a worshipper of Ashenzari the Shackled
  6858 | D:6      | Found a blossoming altar of Fedhas.
  7070 | D:6      | Identified the +8 whip "Aluon" {pain, Fragile Int+5 Stlth+}
  7177 | D:6      | Found But Gaas's Assorted Antiques.
  7613 | D:7      | Reached XP level 10. HP: 62/76 MP: 0/0
  7827 | D:7      | Reached * piety under Ashenzari
  8155 | D:8      | Found Konuxkip's Magic Scroll Emporium.
  8372 | D:8      | Noticed a komodo dragon
  8376 | D:8      | Killed a komodo dragon
  8973 | D:9      | Noticed Erica
  8987 | D:9      | Killed Erica
  9833 | D:6      | Bought an embroidered robe for 96 gold pieces
  9844 | D:6      | Reached ** piety under Ashenzari
  9950 | D:9      | Noticed an unseen horror
  9954 | D:9      | Killed an unseen horror
 10322 | D:9      | Found a staircase to the Orcish Mines.
 10588 | D:9      | Noticed a two-headed ogre
 10594 | D:9      | Killed a two-headed ogre
 10595 | D:9      | Reached skill level 5 in Dodging
 10595 | D:9      | Reached XP level 11. HP: 78/87 MP: 0/0
 10595 | D:9      | Learned a level 4 spell: Flame Wave
 10946 | D:10     | Entered Level 10 of the Dungeon
 11382 | D:10     | Reached *** piety under Ashenzari
 11488 | D:10     | Reached skill level 10 in Spellcasting
 11671 | D:10     | Noticed a tengu warrior
 11689 | D:10     | Killed a tengu warrior
 12035 | D:10     | Noticed a two-headed ogre
 12044 | D:10     | Killed a two-headed ogre
 12316 | D:11     | Reached skill level 10 in Fighting
 12398 | D:11     | Found a staircase to the Lair.
 12445 | D:11     | Noticed a cyclops
 12450 | D:11     | Killed a cyclops
 12698 | D:11     | Identified the +3 chain mail of Purpose {*Corrode rElec
                  | rF++ Dex+4}
 12840 | D:11     | Reached XP level 12. HP: 71/98 MP: 0/0
 13858 | D:11     | Noticed Harold
 13865 | D:11     | Killed Harold
 14096 | Lair:1   | Entered Level 1 of the Lair of Beasts
 14208 | D:11     | Slain by a blink frog

Illustrated notes

Levels and vault maps discovered:
D:1:      heliophobic_arrival_henge, layout_rooms, serial_forest,
          infiniplex_forest_lined_1, infiniplex_forest_side_room,
          infiniplex_forest_corner_1, infiniplex_forest_zigzag_1,
          infiniplex_forest_clump_small, infiniplex_forest_straight_4,
          infiniplex_forest_corner_1, infiniplex_forest_end_2, hex_large,
          minmay_close_crescents
D:2:      layout_rooms, basic_altar, minmay_pentomino_x4
D:3:      layout_basic, basic_ecumenical_altar, grunt_decor_cap, uniq_jessica,
          uniq_natasha
D:4:      layout_gridville, corexii_leaking_fountain
D:5:      layout_loops_ring, minmay_temple_entry_nine_rooms
D:6:      layout_gridville, fedhas_altar_2, serial_shops, kennysheep_little_box,
          minmay_misc_feat_plants
D:7:      layout_basic, grunt_decor_resistance, grunt_ministairs_5
D:8:      layout_loops_ring, serial_shops, nicolae_stop_n_shop_1
D:9:      layout_basic, erik_orc_2, uniq_erica
D:10:     layout_loops_ring, kennysheep_crisscross
D:11:     layout_loops_ring, dpeg_oklobed_lair, special_room [special_room_bee],
          uniq_harold
Temple:   regret_index_temple_sigil_plot
Lair:1:   layout_chaotic_city, wad_woods_river_02

Skill      XL: |  1  2  3  4  5  6  7  8  9 10 11 12 |
---------------+-------------------------------------+-----
Fighting       | 1 2 3 4 5 7 9 10 | 10.9
Spellcasting   | 3 4 5 7 8 9 10 | 10.7
Dodging        | 5 7 8 |  8.8
Stealth        | |  1.5

Action                   |  1- 3 |  4- 6 |  7- 9 | 10-12 || total
-------------------------+-------+-------+-------+-------++-------
Melee: Whip              |       |       |       |    18 ||    18
 Cast: Sandblast         |    57 |     3 |       |       ||    60
       Stone Arrow       |       |    51 |    78 |   203 ||   332
       Flame Wave        |       |       |       |     2 ||     2
Invok: Curse Item        |       |       |     1 |     3 ||     4
Evoke: Wand              |       |       |       |     5 ||     5
  Use: Scroll            |       |       |       |     4 ||     4
Armor: Robe              |     4 |       |     3 |    20 ||    27
Dodge: Dodged            |    21 |     5 |    10 |    48 ||    84
Block: Other             |       |       |     5 |     4 ||     9
       Reflection        |       |       |       |     1 ||     1
       Kite shield       |       |       |       |    46 ||    46

Table legend: (Time is in decaauts)
 A = Elapsed time spent in this place.
 B = Non-inter-level travel time spent in this place.
 C = Inter-level travel time spent in this place.
 D = Time resting spent in this place.
 E = Time spent auto-exploring this place.
 F = Levels seen in this place.
 G = Mean time per level.
                   A        B        C        D        E       F      G
               +--------+--------+--------+--------+--------+-----+--------+
         Total |  14231 |  13639 |    592 |   1182 |  11010 |  13 | 1094.7 |
       Dungeon |  13880 |  13355 |    525 |   1182 |  10755 |  11 | 1261.8 |
        Temple |    343 |    276 |     67 |      0 |    255 |   1 |  343.0 |
          Lair |      7 |      7 |      0 |      0 |      0 |   1 |    7.0 |
               +--------+--------+--------+--------+--------+-----+--------+

Top non-repeatable levels by time:
     D:9: 2168 daAuts
    D:11: 1928 daAuts
     D:7: 1320 daAuts
     D:3: 1288 daAuts
     D:5: 1156 daAuts
    D:10: 1104 daAuts
     D:1: 1098 daAuts
     D:4: 1093 daAuts
     D:6: 1080 daAuts
     D:8: 919 daAuts
     D:2: 722 daAuts
  Temple: 343 daAuts
  Lair:1: 7 daAuts
